 Dungeon Crawl Stone Soup version 0.25.0-46-gbd7b0854d2 (webtiles) character file.

Game seed: 18200406599670861800

670 Delamore the Cleaver (level 7, -1/51 (52) HPs)
             Began as a Formicid Fighter on July 14, 2020.
             Slain by an ogre
             ... wielding a +0 giant spiked club
              (27 damage)
             ... on level 4 of the Dungeon.
             The game lasted 00:03:54 (4146 turns).

Delamore the Cleaver (Formicid Fighter)             Turns: 4146, Time: 00:03:55

HP:   -1/51 (52)    AC: 10    Str: 23    XL:     7   Next: 89%
MP:   7/7           EV:  5    Int:  7    God:
Gold: 145           SH:  9    Dex: 10    Spells: 6/6 levels left

rFire    . . .     SeeInvis +   s - +0 hand axe
rCold    . . .     Gourm    .   c - +0 kite shield
rNeg     . . .     Faith    .   m - +0 chain mail
rPois    .         Spirit   .   (helmet unavailable)
rElec    .         Reflect  .   (no cloak)
rCorr    .         Harm     .   (no gloves)
MR       .....                  h - +0 pair of boots
Stlth    ..........             (no amulet)
HPRegen  0.17/turn              (no ring)
MPRegen  0.10/turn              (no ring)

@: drained
A: permanent stasis, dig shafts and tunnels, four strong arms, antennae 3
a: Dig, Shaft Self


You were on level 4 of the Dungeon.
You were not hungry.

You visited 1 branch of the dungeon, and saw 5 of its levels.

You collected 145 gold pieces.

Inventory:

Hand Weapons
 a - a +0 war axe
 s - a +0 hand axe (weapon)
Missiles
 q - 2 throwing nets (quivered)
Armour
 c - a +0 kite shield (worn)
 h - a +0 pair of boots (worn)
 m - a +0 chain mail (worn)
Scrolls
 g - a scroll of enchant armour {unknown}
 i - 2 scrolls of fear {unknown}
 j - 2 scrolls of enchant weapon {unknown}
 k - 3 scrolls of identify {unknown}
 l - 5 scrolls of remove curse {unknown}
 n - a scroll of magic mapping {unknown}
 o - a scroll of amnesia {unknown}
 r - 2 scrolls of teleportation {unknown}
Potions
 b - a potion of lignification {unknown}
 d - a potion of might
 e - 2 potions of curing
 p - 2 potions of brilliance {unknown}
Comestibles
 f - 5 rations


   Skills:
 - Level 3.2(2.5) Fighting
 + Level 8.3(7.4) Axes
 - Level 3.2(2.5) Armour
 - Level 3.6(2.8) Shields


You had 6 spell levels left.
You didn't know any spells.
Your spell library was empty.

Dungeon Overview and Level Annotations

Branches:
Dungeon (5/15)
 Temple: D:4-7

Altars:
Cheibriados
Zin


Innate Abilities, Weirdness & Mutations

You cannot be hasted, slowed, berserked, paralysed or teleported.
You can dig through walls and to a lower floor.
Your four strong arms can wield two-handed weapons with a shield.
You have a pair of large antennae on your head. (SInv)


Message History

You eat one of the 3 chunks of flesh.
This raw flesh tastes terrible.
Some of the chunks of flesh in your inventory have rotted away.
All of the chunks of flesh in your inventory have rotted away.
HP restored.
There is a stone staircase leading down, spattered with blood here.
You see here a +0 dagger.
You climb downwards.
An orc comes into view. It is wielding a +0 dagger.
You block the ogre's attack.
There is a stone staircase leading up here.
Your shield and chain mail prevent you from hitting the ogre.
An orc comes into view. It is wielding a +0 club.
An orc wizard comes into view. It is wielding a +0 dagger.
The ogre hits you with a +0 giant spiked club!!
Ouch! That really hurt!
You are too injured to fight recklessly!
The orc wizard shouts!
The orc shouts!
The ogre hits you with a +0 giant spiked club!!
Ouch! That really hurt!
You die...

.>.# #. # .oo. #. . ## #.o#
#. ... # ... #..# #. ##.## #
#.####..# #.##...#### #
#.......# #.........# #
#..#.#.o###.##...##.# #
#......@O........##.####
#..#.#..#.#.#.._........ ..#
#........#.#......#.####
..## #.......###.#.#####.# #
...#
######...#.###.####.####
...# ##### #..#.##
##>........ #..# ##...##
#...## #..###..... #..#
##.###.###.##.###.#O###..###
...###.## ##.##.#
#.#......O..#


You could see an ogre, 2 orc wizards and 2 orcs.

Vanquished Creatures
  An ice beast (D:2)
  A necrophage (D:3)
  A phantom (D:4)
  3 orc wizards
  2 orc priests (D:3)
  Crazy Yiuf (D:3)
  3 hounds (D:4)
  Terence (D:2)
  Robin (D:3)
  2 adders (D:3)
  A shadow imp (D:4)
  An adder skeleton (D:4)
  2 dart slugs (D:1)
  17 orcs
  6 bats
  2 giant cockroaches
  17 goblins
  4 hobgoblins
  A quokka (D:3)
  9 frilled lizards
  A kobold (D:1)
  7 rats
84 creatures vanquished.

Notes
Turn   | Place    | Note
-------+----------+-------------------------------------------
     0 | D:1      | Delamore the Formicid Fighter began the quest for the Orb.
     0 | D:1      | Reached XP level 1. HP: 18/18 MP: 1/1
   149 | D:1      | Reached XP level 2. HP: 23/24 MP: 2/2
   572 | D:1      | Reached skill level 3 in Axes
   893 | D:2      | Noticed an ice beast
   903 | D:2      | HP: 1/24 [ice beast (10)]
   906 | D:2      | Killed an ice beast
   906 | D:2      | Reached skill level 4 in Axes
   906 | D:2      | Reached XP level 3. HP: 2/29 MP: 3/3
   906 | D:2      | Reached XP level 4. HP: 3/35 MP: 4/4
   906 | D:2      | Reached XP level 5. HP: 3/41 MP: 5/5
  1365 | D:2      | Noticed Terence
  1371 | D:2      | Killed Terence
  1371 | D:2      | Reached skill level 5 in Axes
  1933 | D:3      | Found a glowing silver altar of Zin.
  1936 | D:3      | Noticed Robin
  1946 | D:3      | Killed Robin
  2093 | D:3      | Reached XP level 6. HP: 31/47 MP: 6/6
  2097 | D:3      | Reached skill level 6 in Axes
  2391 | D:3      | Found a faded altar of an unknown god.
  2424 | D:3      | HP: 2/47 [orc priest/nerve-wracking pain (2)]
  2956 | D:3      | Found a runed translucent door.
  2957 | D:3      | Noticed Crazy Yiuf
  3240 | D:3      | Killed Crazy Yiuf
  3427 | D:4      | Noticed a phantom
  3443 | D:4      | Reached XP level 7. HP: 47/52 MP: 7/7
  3451 | D:4      | Reached skill level 7 in Axes
  3816 | D:4      | Found a snail-covered altar of Cheibriados.
  3842 | D:5      | Entered Level 5 of the Dungeon
  3877 | D:3      | Reached skill level 8 in Axes
  4146 | D:4      | Slain by an ogre

Illustrated notes

Levels and vault maps discovered:
D:1:      onia_arrival_mini_maze_b, layout_basic, minmay_pentomino_x4
D:2:      layout_basic, uniq_terence
D:3:      layout_loops_cross, zin_academy, first_ration,
          chequers_ecumenical_altar_simple_redux, uniq_crazy_yiuf_cottage,
          uniq_robin
D:4:      layout_loops_ring, makhleb_altar_promises_db, cheibriados_altar_1,
          serial_glass, glass_columns_a, glass_columns_a
D:5:      layout_basic, nicolae_tso_swordbearing_angel, uniq_edmund

Skill      XL: |  1  2  3  4  5  6  7 |
---------------+----------------------+-----
Axes           | 4 5 6 8 |  8.3
Fighting       | |  3.2
Armour         | |  3.2
Shields        | |  3.6

Action                   |  1- 3 |  4- 6 |  7- 9 || total
-------------------------+-------+-------+-------++-------
Melee: War axe           |    56 |    57 |       ||   113
       Hand axe          |       |   164 |   107 ||   271
  Eat: Ration            |       |     1 |       ||     1
       Chunk             |       |     5 |     2 ||     7
Armor: Scale mail        |    14 |       |       ||    14
       Chain mail        |     8 |   105 |    53 ||   166
Dodge: Dodged            |    14 |    46 |    19 ||    79
Block: Kite shield       |    25 |   124 |    48 ||   197
